 Dungeon Crawl Stone Soup version 0.17-a0-737-gf0a300a (webtiles) character file.

126 Ngotmuk the Shield-Bearer (level 4, -7/42 HPs)
             Began as a Deep Dwarf Fighter on Apr 25, 2015.
             Killed by divine providence
             ... invoked by an orc priest
              (8 damage)
             ... on level 3 of the Dungeon.
             The game lasted 00:05:47 (1229 turns).

Ngotmuk the Shield-Bearer (Deep Dwarf Fighter)      Turns: 1229, Time: 00:05:47

Health: -7/42      AC:  7    Str: 22    XL:     4   Next: 83%
Magic:  5/5        EV:  7    Int:  9    God:
Gold:   73         SH: 10    Dex: 12    Spells: 0 memorised, 3 levels left

rFire  . . .     SeeInvis .     a - +0 war axe
rCold  . . .     Clarity  .     b - +0 scale mail
rNeg   . . .     SustAb   .     c - +0 shield
rPois  .         Gourm    .     (no helmet)
rElec  .         Spirit   .     (no cloak)
rCorr  .         Warding  .     (no gloves)
rMut   .         Stasis   .     (no boots)
MR     .....                    (no amulet)
Stlth  ..........               (no ring)
                                s - +2 ring of strength

@: non-regenerating, not resistant to hostile enchantments, extremely unstealthy
A: damage resistance, recharge devices, sense surroundings 1, slow healing 3
a: Device Recharging


You were on level 3 of the Dungeon.
You were not hungry.

You visited 1 branch of the dungeon, and saw 3 of its levels.

You collected 73 gold pieces.

Inventory:

Hand weapons
 a - a +0 war axe (weapon)
Armour
 b - a +0 scale mail (worn)
 c - a +0 shield (worn)
Jewellery
 s - a +2 ring of strength (left hand)
Magical devices
 e - a wand of heal wounds (3)
Scrolls
 g - 3 scrolls of identify {unknown}
 n - a scroll of magic mapping {unknown}
 p - a scroll of recharging {unknown}
 q - a scroll of noise {unknown}
 r - 2 scrolls of remove curse {unknown}
 t - a scroll of immolation {unknown}
Potions
 d - a potion of might
 h - a potion of mutation {unknown}
 j - a potion of agility {unknown}
 k - a potion of lignification {unknown}
 l - a potion of flight {unknown}
 m - 3 potions of cancellation {unknown}
 o - a potion of curing {unknown}
 u - a potion of invisibility {unknown}
Comestibles
 f - 3 bread rations
 i - 2 beef jerkies


   Skills:
 + Level 3.1 Fighting
 + Level 3.1 Axes
 + Level 4.0 Armour
 + Level 4.2 Shields
 + Level 2.1 Evocations


You had 3 spell levels left.
You didn't know any spells.

Dungeon Overview and Level Annotations

Branches:
Dungeon (3/15)

Altars:
Ashenzari
Kikubaaqudgha
Sif Muna
Vehumet
Zin


Innate Abilities, Weirdness & Mutations

You are resistant to damage.
You can recharge devices by infusing magical energy.
You passively map a small area around you.
You do not heal naturally.


Message History

The orc hits you with a falchion.
You hit the orc priest.
The orc priest is severely wounded.
Your shield and scale mail prevent you from hitting the orc.
The orc is moderately wounded.
The orc priest disappears!
The orc hits you but does no damage. The orc hits you with a falchion.
* * * LOW HITPOINT WARNING * * *
Things that are here:
a war axe; a leather armour You slash the orc!
You kill the orc!
The orc priest prays to Beogh.
You feel a wave of unholy energy pass over you.
Items here: ( )) [ † a falchion; a chain mail; a club; a tomahawk; an orc corpse The orc priest zaps a wand.
The orc priest looks slightly unstable.
The orc priest calls down the wrath of Beogh upon you.
Something smites you!
You die...

* * ###### ,.,
##....## * ..
**......# .... ...!.#
** * ...####.... ,
...##..#* *
*.##.##.>#* * , ,
##.##..((.# ,
#..#.o(@#.### * ,
#.##.##..)).# , ,
##....####.#[......# *
####.<..#####.#......#
#..........##.#......#
,
#..........##.#......#
#.<........##.#......
* ####....#####.#.....
##..## #.###.. ,


You could see an orc priest.

Vanquished Creatures
  The ghost of ZiggyStardust the Magician, a weakling DsWz (D:3)
  2 adders (D:2)
  An ooze (D:1)
  2 worms (D:2)
  2 giant geckos
  4 orcs (D:3)
  4 giant cockroaches
  9 hobgoblins
  6 jackals (D:2)
  5 kobolds
  A ball python (D:1)
  8 bats
  2 giant newts
  4 goblins
  3 rats
54 creatures vanquished.

Notes
Turn   | Place    | Note
--------------------------------------------------------------
     0 | D:1      | Ngotmuk, the Deep Dwarf Fighter, began the quest for the Orb.
     0 | D:1      | Reached XP level 1. HP: 20/20 MP: 1/1
   148 | D:1      | Reached XP level 2. HP: 27/27 MP: 2/2
   286 | D:1      | Reached skill level 1 in Evocations
   329 | D:1      | Reached XP level 3. HP: 29/33 MP: 3/3
   498 | D:2      | Found a radiant altar of Vehumet.
   503 | D:2      | Found a glowing silver altar of Zin.
   503 | D:2      | Found a deep blue altar of Sif Muna.
   503 | D:2      | Found a shattered altar of Ashenzari.
   507 | D:2      | Found an ancient bone altar of Kikubaaqudgha.
   685 | D:2      | Found a deep blue altar of Sif Muna.
  1027 | D:2      | Reached skill level 4 in Shields
  1027 | D:2      | Reached XP level 4. HP: 33/42 MP: 5/5
  1167 | D:3      | Noticed ZiggyStardust's ghost (weakling DsWz)
  1184 | D:3      | Killed ZiggyStardust's ghost
  1223 | D:3      | HP: 2/42 [orc priest/divine providence (11)]
  1229 | D:3      | Killed from afar by an orc priest

Action                   |  1- 3 |  4- 6 || total
-------------------------+-------+-------++-------
Melee: War axe           |   151 |    42 ||   193
Evoke: Wand              |       |     2 ||     2
 Stab: Distracted        |     1 |       ||     1
  Eat: Meat ration       |       |     1 ||     1
